Map: Ephemeron LE

Players

Sulkosaurus - Winner!

  • Race: Protoss Protoss
  • League: Platinum
  • Spawn Location: 11:00

VOD

Have the link to the VOD?

Description

Time

  • Played on: Feb. 6, 2020, 2:25 p.m.
  • Length: 9:27
Show
View Real Time Build Order
Export as new Build Order

Sulkosaurus Protoss - Winner!

Build Orders: Zealot Archon 

Get SALT Encoding   

  12  0:03  Probe  
  12  0:15  Probe  
  12  0:23  Pylon  
  12  0:27  Probe  
  12  0:42  Probe (Chrono Boost)  
  12  0:44  Gateway  
  12  0:51  Assimilator  
  12  0:53  Probe (Chrono Boost)  
  12  1:01  Probe (Chrono Boost)  
  12  1:03  Assimilator  
  12  1:13  Probe (Chrono Boost)  
  12  1:19  Probe (Chrono Boost)  
  12  1:22  Gateway  
  12  1:30  Probe  
  12  1:37  Cybernetics Core  
  12  1:42  Probe  
  12  1:47  Pylon  
  12  1:55  Probe  
  12  2:07  Probe  
  12  2:14  Sentry  
  12  2:18  Stalker  
  12  2:19  Probe  
  12  2:36  Warp Gate  
  12  2:40  Nexus  
  12  2:41  Pylon  
  12  2:42  Probe  
  12  2:58  Stalker x2  
  12  3:04  Probe  
  12  3:16  Probe  
  12  3:19  Robotics Facility  
  12  3:25  Pylon  
  12  3:28  Probe  
  12  3:41  Probe  
  12  3:59  Twilight Council  
  12  4:01  Pylon  
  12  4:02  Forge  
  12  4:09  Immortal  
  12  4:11  Probe (Chrono Boost)  
  12  4:19  Probe (Chrono Boost)  
  12  4:24  Probe (Chrono Boost)  
  12  4:25  Sentry  
  12  4:27  Probe (Chrono Boost)  
  12  4:29  Zealot, Probe (Chrono Boost)  
  12  4:33  Protoss Ground Weapons Level 1 (Chrono Boost)  
  12  4:34  Charge  
  12  4:38  Probe  
  12  4:40  Probe  
  12  4:50  Probe  
  12  4:51  Assimilator  
  12  4:53  Probe  
  12  4:54  Assimilator  
  12  5:02  Probe  
  12  5:03  Zealot x2  
  12  5:05  Probe  
  12  5:13  Immortal  
  12  5:16  Probe  
  12  5:18  Probe  
  12  5:25  Zealot  
  12  5:28  Probe  
  12  5:45  Pylon  
  12  5:48  Pylon, Gateway  
  12  5:50  Pylon, Gateway  
  12  5:54  Templar Archives  
  12  5:59  Pylon  
  12  6:04  Immortal  
  12  6:15  Gateway  
  12  6:19  Gateway  
  12  6:27  Gateway  
  12  6:30  Gateway  
  12  6:37  High Templar x2  
  12  6:45  Zealot  
  12  6:46  Warp Prism (Chrono Boost), Zealot  
  12  7:07  Zealot  
  12  7:08  High Templar  
  12  7:10  Zealot x3  
  12  7:17  Pylon x2  
  12  7:20  Pylon  
  12  7:24  Archon  
  12  7:29  High Templar  
  12  7:30  High Templar  
  12  7:34  Archon  
  12  7:49  Zealot x6  
  12  8:05  Gateway  
  12  8:06  Gateway  
  12  8:10  High Templar x2  
  12  8:11  Zealot x2  
  12  8:12  Zealot x4  
  12  8:17  Archon  
  12  8:41  Nexus  
  12  8:45  Pylon  
  12  8:57  Pylon  
  12  9:01  Pylon  
  12  9:02  Pylon  
  12  9:03  Pylon  
  12  9:04  Pylon  
Tags
 
Add a new tag
Caveats
  • Supply blocks, unpowered buildings, or Contaminate may cause inaccurate times.
  • Supply counts are checked every 10 seconds.